 Dungeon Crawl Stone Soup version 0.29-a0-275-g389c0b56f3 (webtiles) character file.

Game seed: 2310062450575183681

30 Ajdolov the Sneak (level 3, 0/23 HPs)
             Began as an Octopode Transmuter on Mar 12, 2022.
             Frozen to death by an endoplasm (5 damage)
             ... on level 2 of the Dungeon.
             The game lasted 00:02:01 (1213 turns).

Ajdolov the Sneak (Octopode Transmuter)             Turns: 1213, Time: 00:02:01

Health: 0/23       AC:  1    Str:  9    XL:     3   Next: 20%
Magic:  6/6        EV: 13    Int: 17    God:
Gold:   39         SH:  0    Dex: 12    Spells: 5/6 levels left

rFire   . . .      SeeInvis .     - Unarmed
rCold   . . .      Faith    .   (no shield)
rNeg    . . .      Spirit   .   (helmet restricted)
rPois   .          Reflect  .   (no amulet)
rElec   .          Harm     .   (no ring)
rCorr   .          Rampage  .   (no ring)
Will    .....                   (no ring)
Stlth   +++.......              (no ring)
HPRegen 0.07/turn               (no ring)
MPRegen 0.10/turn               (no ring)
                                (no ring)
                                (no ring)

@: lethally poisoned (0 -> -4)
A: almost no armour, amphibious, 8 rings, camouflage 1, gelatinous body 1,
(nimble swimmer 1), tentacles
a: no special abilities


You were on level 2 of the Dungeon.
You visited 1 branch of the dungeon, and saw 2 of its levels.

You collected 39 gold pieces.

Inventory:

Scrolls
 b - a scroll of silence {unknown}
 c - a scroll of teleportation {unknown}
Potions
 a - 2 potions of lignification
 d - a potion of flight {unknown}
 e - a potion of resistance {unknown}


   Skills:
 + Level 1.1 Fighting
 - Level 2.0 Dodging
 - Level 4.0 Stealth
 + Level 3.0 Unarmed Combat
 - Level 2.0 Spellcasting
 - Level 2.0 Transmutations


You had 5 spell levels left.
You knew the following spells:

 Your Spells              Type           Power      Damage    Failure   Level
a - Beastly Appendage     Tmut           16%        N/A       9%          1

Your spell library contained the following spells:

 Spells                   Type           Power      Damage    Failure   Level
 Wereblood                Tmut           8%         N/A       13%         2
 Spider Form              Tmut/Pois      5%         N/A       36%         3
 Ignite Poison            Fire/Tmut/Pois 3%         N/A       41%         3
 Conjure Flame            Conj/Fire      1%         6-21      50%         3
 Ozocubu's Armour         Ice            1%         N/A       50%         3
 Ice Form                 Ice/Tmut       5%         N/A       77%         4
 Sticky Flame             Conj/Fire      1%         2d3       88%         4
 Ozocubu's Refrigeration  Ice            0%         4d5       100%        7


Dungeon Overview and Level Annotations

Branches:
Dungeon (2/15)

Altars:
Xom

Shops:
D:1 =


Innate Abilities, Weirdness & Mutations

You cannot wear most types of armour.
You are amphibious.
You can wear up to eight rings at the same time.
Your skin changes colour to match your surroundings (Stealth+).
Your rubbery body absorbs attacks. (AC +1, EV +1)
((You are camouflaged when in or above water. (Stealth+)))
You have tentacles for arms and can constrict up to eight enemies at once.


Message History

Your grab misses the hobgoblin. Your squeeze misses the hobgoblin.
An adder comes into view.
The hobgoblin completely misses you.
You closely miss the hobgoblin. You grab the hobgoblin.
You constrict the hobgoblin, but do no damage.
The hobgoblin barely misses you.
You tentacle-slap the hobgoblin. You squeeze the hobgoblin.
You kill the hobgoblin!
You tentacle-slap the endoplasm but do no damage.
The endoplasm freezes you.
You are frozen.
You tentacle-slap the endoplasm but do no damage.
The endoplasm misses you.
You tentacle-slap the endoplasm.
The endoplasm is moderately wounded.
The endoplasm misses you.
You tentacle-slap the adder. You grab the adder.
Your tentacle-slap misses the adder.
The adder is heavily wounded.
You constrict the adder. The adder closely misses you.
The endoplasm closely misses you. The adder bites you.
You are poisoned.
The adder poisons you!
You tentacle-slap the adder.
The adder is almost dead.
You constrict the adder.
You feel sick. The adder bites you. The endoplasm freezes you.
You are frozen.
* * * LOW HITPOINT WARNING * * *
Unknown command.
You tentacle-slap the adder but do no damage.
You squeeze the adder, but do no damage.
The adder is almost dead.
You constrict the adder.
You kill the adder!
* * * LOW HITPOINT WARNING * * *
You feel sick. The endoplasm freezes you.
You are frozen.
You die...

#####.### #...######
###......#####
#####......## ####
#.......### ..<###
#.._..#...#### .....#
#......##..... ...#.#
#............. ...#.#
###?..@J...... ##.#.##
#............ #....#
#..$......... ##.#.#
#...)........
#...######............
###.....................
.##.........#.........$.
<##..........#..........
.####.##..##.


You could see an endoplasm.

Vanquished Creatures
  2 adders (D:2)
  7 ball pythons
  2 bats (D:1)
  An endoplasm (D:2)
  A giant cockroach (D:2)
  2 hobgoblins
  2 quokkas
  3 frilled lizards (D:1)
  4 rats
24 creatures vanquished.

Notes
Turn   | Place    | Note
-------+----------+-------------------------------------------
     0 | D:1      | Ajdolov the Octopode Transmuter began the quest for the
                  | Orb.
     0 | D:1      | Reached XP level 1. HP: 13/13 MP: 3/3
    31 | D:1      | Found Xirytuh's One-of-a-Kind Rings.
    45 | D:1      | Reached skill level 1 in Stealth
   265 | D:1      | Reached skill level 2 in Stealth
   266 | D:1      | Reached XP level 2. HP: 11/18 MP: 5/5
   606 | D:1      | Reached skill level 3 in Stealth
  1169 | D:2      | Reached skill level 4 in Stealth
  1169 | D:2      | Reached XP level 3. HP: 23/23 MP: 6/6
  1196 | D:2      | Found a shimmering altar of Xom.
  1213 | D:2      | Frozen to death by an endoplasm

Illustrated notes

Levels and vault maps discovered:
D:1:      wander_arrival_lonely_grave, layout_loops_ring,
          hangedman_decor_clover_reticule, nicolae_shop_unique_rings
D:2:      layout_rooms, basic_altar, corner_web_ring

Skill      XL: |  1  2 |
---------------+-------+-----
Stealth        | 2 4 |  4.0
Fighting       | |  1.1
Dodging        | |  2.0
Unarmed Combat | |  3.0
Spellcasting   | |  2.0
Transmutations | |  2.0

Action                   || total
-------------------------++-------
Melee: Unarmed           ||    56
       Constrict         ||    15
       Tentacles         ||     9
       Punch             ||     1
 Stab: Sleeping          ||    11
Armor: Skin              ||     1
Dodge: Dodged            ||    36

Table legend: (Time is in decaauts)
 A = Elapsed time spent in this place.
 B = Non-inter-level travel time spent in this place.
 C = Inter-level travel time spent in this place.
 D = Time resting spent in this place.
 E = Time spent auto-exploring this place.
 F = Levels seen in this place.
 G = Mean time per level.
                   A        B        C        D        E       F      G
               +--------+--------+--------+--------+--------+-----+--------+
         Total |   1209 |   1195 |     14 |    460 |    567 |   2 |  604.5 |
       Dungeon |   1209 |   1195 |     14 |    460 |    567 |   2 |  604.5 |
               +--------+--------+--------+--------+--------+-----+--------+

Top non-repeatable levels by time:
     D:1: 894 daAuts
     D:2: 314 daAuts
